 Dungeon Crawl Stone Soup version 0.22-a0-136-g83a10e5 (webtiles) character file.

21823 varam the Nimble (level 12, -8/126 HPs)
             Began as a Troll Monk on Feb 2, 2018.
             Was the Champion of Okawaru.
             Mangled by a komodo dragon (20 damage)
             ... on level 8 of the Dungeon.
             The game lasted 00:42:31 (10730 turns).

varam the Nimble (Troll Monk)                      Turns: 10730, Time: 00:42:32

Health: -8/126     AC: 11    Str: 30    XL:     12   Next: 57%
Magic:  10/11      EV: 15    Int: 13    God:    Okawaru [******]
Gold:   227        SH:  0    Dex: 12    Spells: 8/12 levels left

rFire    + . .     SeeInvis .     - Unarmed
rCold    + . .     Gourm    +   (no shield)
rNeg     + . .     Faith    +   Z - +2 robe of the Stag {rF++ Str+2 Int+5}
rPois    .         Spirit   .   (helmet restricted)
rElec    +         Reflect  .   R - +3 cloak of Wekheipy {Regen+ Str+6 Slay-2}
rCorr    .         Harm     .   (gloves unavailable)
MR       +....                  (boots unavailable)
Stlth    ++........             E - amulet of Trog's Indignation {Faith rElec rN+ Dex-2 Slay+6}
HPRegen  1.11/turn              V - ring of protection from magic
MPRegen  0.12/turn              T - ring of ice

@: lethally poisoned (-8 -> -8)
A: large, unfitting armour, claws 3, fast metabolism 3, gourmand, regeneration
1, shaggy fur 1, tough skin 2
a: Heroism, Finesse, Renounce Religion


You were on level 8 of the Dungeon.
You worshipped Okawaru.
Okawaru was exalted by your worship.
You were very full.

You visited 2 branches of the dungeon, and saw 12 of its levels.
You also visited: Ice Cave.

You collected 797 gold pieces.
You spent 570 gold pieces at shops.

Inventory:

Hand Weapons
 C - the +6 fustibalus "Rozoit" {freeze, *Slow rElec Str+4 Dex+3}
   (Okawaru gifted it to you on level 8 of the Dungeon)

   It causes projectiles fired from it to freeze those they strike, causing
   extra injury to most foes and up to half again as much damage against
   particularly susceptible opponents.
   They can also slow down cold-blooded creatures.
   It affects your strength (+4).
   It affects your dexterity (+3).
   It insulates you from electricity.
   It may slow you when you take damage.
 Q - a +0 blowgun
Missiles
 p - 5 large rocks (quivered)
 t - 2 tomahawks of dispersal
 y - 4 throwing nets
 A - 101 sling bullets
 B - 8 tomahawks
 D - 6 needles of sleeping
 K - 5 poisoned tomahawks
 N - a javelin
 P - 6 exploding tomahawks
 Y - 4 silver tomahawks
Armour
 I - a +0 cloak
 R - the +3 cloak of Wekheipy (worn) {Regen+ Str+6 Slay-2}
   (Okawaru gifted it to you on level 11 of the Dungeon)

   It affects your strength (+6).
   It affects your accuracy and damage with ranged weapons and melee attacks
   (-2).
   It increases your rate of regeneration.
 U - a +0 robe of cold resistance
 Z - the +2 robe of the Stag (worn) {rF++ Str+2 Int+5}
   (Okawaru gifted it to you on level 11 of the Dungeon)

   It affects your strength (+2).
   It affects your intelligence (+5).
   It greatly protects you from fire.
Jewellery
 x - an uncursed ring of see invisible
 E - the amulet of Trog's Indignation (around neck) {Faith rElec rN+ Dex-2 Slay+6}
   (You found it on level 8 of the Dungeon)

   [amulet of faith]

   It allows you to gain divine favour quickly.
   It affects your dexterity (-2).
   It affects your accuracy and damage with ranged weapons and melee attacks
   (+6).
   It insulates you from electricity.
   It protects you from negative energy.
 T - a ring of ice (right claw)
 V - a ring of protection from magic (left claw)
Scrolls
 a - a scroll of random uselessness {unknown}
 c - 8 scrolls of remove curse
 f - 2 scrolls of noise
 g - a scroll of teleportation
 k - 5 scrolls of magic mapping
 l - 3 scrolls of fear
 r - 2 scrolls of amnesia {unknown}
 z - a scroll of enchant weapon {unknown}
 M - a scroll of holy word {unknown}
 O - a scroll of immolation {unknown}
Potions
 e - 5 potions of curing
 h - 2 potions of heal wounds
 i - 2 potions of degeneration {unknown}
 j - 3 potions of berserk rage
 m - 4 potions of agility
 q - 2 potions of lignification
 s - 3 potions of magic
 u - a potion of ambrosia {unknown}
 F - a potion of cancellation {unknown}
 G - 3 potions of brilliance
 H - 2 potions of invisibility {unknown}
Comestibles
 b - 27 rations
 d - 6 chunks of flesh


   Skills:
 + Level 9.9 Fighting
 + Level 9.2 Throwing
 + Level 9.9 Dodging
 - Level 1.9 Stealth
 + Level 9.6 Unarmed Combat
 + Level 0.6 Spellcasting
 + Level 1.0 Transmutations
 + Level 1.2 Earth Magic


You had 8 spell levels left.
You knew the following spells:

 Your Spells              Type           Power        Failure   Level  Hunger
a - Petrify               Tmut/Erth      #.......     88%         4    #####..


Dungeon Overview and Level Annotations

Branches:
Dungeon (11/15)            Temple (0/1) D:6            Lair (1/6) D:8
    Orc (0/2) D:9

Altars:
Ashenzari
Cheibriados
Dithmenos
Elyvilon
Fedhas
Hepliaklqana
Okawaru
Ru
Wu Jian
Yredelemnul

Shops:
D:6 *[%:   D:8 %*}*=   D:9 !   D:11 :


Innate Abilities, Weirdness & Mutations

You are too large for most types of armour.
You have claws for hands.
Your metabolism is lightning-fast.
You like to eat raw meat.
Your natural rate of healing is unusually fast.
You are covered in fur. (AC +1)
You have very tough skin. (AC +2)


Message History

The basilisk bites you but does no damage.
The komodo dragon bites you!!
* * * LOW HITPOINT WARNING * * *
The basilisk bites you!
* * * LOW HITPOINT WARNING * * *
The komodo dragon bites you but does no damage.
The basilisk gazes at you. You resist with almost no effort.
The komodo dragon bites you!
* * * LOW HITPOINT WARNING * * *
The basilisk gazes at you. You resist with almost no effort.
The komodo dragon bites you!
* * * LOW HITPOINT WARNING * * *
The basilisk bites you but does no damage.
You turn to flesh and can move again.
You scratch the basilisk.
The basilisk is almost dead.
You feel sick. The komodo dragon bites you!!
You die...

#...)..########
#...†..#
#......####
######.........#
#.............)#
##############.#
##PPP..PPPP##.#
#PP....PPP.P#[#
#P..>@..PP....#
#PPPll.P...[..#
#PPP.PP.).....#
#P..PP......#.#
##.........##.#
###.....####.#
###........#
##########


You could see a komodo dragon and a basilisk.

Vanquished Creatures
  A hydra (D:8)
  8 two-headed ogres
  An unseen horror (D:11)
  A necromancer (IceCv)
  A cyclops (D:11)
  Psyche (D:9)
  A spiny frog (D:8)
  3 komodo dragons
  10 freezing wraiths (IceCv)
  2 trolls
  3 hippogriffs
  5 blink frogs (Lair:1)
  Sigmund (D:2)
  A spriggan (D:7)
  A wraith (D:11)
  3 yaks (D:10)
  Grum (D:8)
  2 hungry ghosts
  The ghost of sankara the Grave Robber, an amateur DsNe (D:4)
  2 sky beasts
  15 ice beasts
  3 orc warriors
  4 ogres
  A necrophage (D:6)
  4 wolves (D:8)
  6 centaurs
  13 big kobolds
  9 bullfrogs
  2 wyvern skeletons
  3 scorpions
  11 killer bees
  A swamp dragon simulacrum (IceCv)
  2 elephant simulacra (IceCv)
  4 wights (D:8)
  2 howler monkeys
  A vampire bat (Lair:1)
  6 crimson imps
  4 draconian simulacra (IceCv)
  7 orc priests
  2 centaur skeletons
  3 hounds
  4 jellies
  12 orc wizards
  A bullfrog skeleton (D:8)
  3 iguanas
  3 worker ants
  3 spriggan simulacra (IceCv)
  5 troll simulacra (IceCv)
  A polar bear simulacrum (IceCv)
  2 centaur simulacra (IceCv)
  9 gnolls
  4 ogre simulacra (IceCv)
  8 adders
  2 naga simulacra (IceCv)
  4 shadow imps
  12 white imps (IceCv)
  An ooze (D:2)
  An adder skeleton (D:5)
  A worm (D:3)
  A dart slug (D:4)
  12 leopard geckos
  67 orcs
  13 giant cockroaches
  5 goblins
  17 hobgoblins
  16 jackals
  40 kobolds
  3 quokkas
  A ball python (D:2)
  10 bats
  11 frilled lizards
  A leopard gecko skeleton (D:5)
  8 rats
  A plant (D:8)
434 creatures vanquished.

Vanquished Creatures (others)
  10 plants (D:8)
10 creatures vanquished.

Grand Total: 444 creatures vanquished

Notes
Turn   | Place    | Note
-------+----------+-------------------------------------------
     0 | D:1      | varam the Troll Monk began the quest for the Orb.
     0 | D:1      | Reached XP level 1. HP: 22/22 MP: 0/0
   322 | D:1      | Reached XP level 2. HP: 29/29 MP: 1/1
   867 | D:2      | Found an iron altar of Okawaru.
   882 | D:2      | Became a worshipper of Warmaster Okawaru
   882 | D:2      | Reached * piety under Okawaru
   882 | D:2      | Reached ** piety under Okawaru
   892 | D:2      | Reached XP level 3. HP: 36/36 MP: 2/2
  1005 | D:2      | Noticed Sigmund
  1046 | D:2      | Killed Sigmund
  1046 | D:2      | Reached skill level 3 in Fighting
  1046 | D:2      | Reached skill level 3 in Dodging
  1046 | D:2      | Reached skill level 4 in Unarmed Combat
  1046 | D:2      | Reached XP level 4. HP: 13/45 MP: 1/3
  1046 | D:2      | Reached XP level 5. HP: 15/53 MP: 1/4
  1714 | D:2      | Reached *** piety under Okawaru
  1736 | D:3      | Reached XP level 6. HP: 58/61 MP: 5/5
  1874 | D:3      | Reached skill level 5 in Unarmed Combat
  2162 | D:3      | Found a shadowy altar of Dithmenos.
  2404 | D:4      | Reached skill level 6 in Unarmed Combat
  2498 | D:4      | Reached XP level 7. HP: 53/67 MP: 6/6
  2595 | D:4      | Noticed sankara's ghost (amateur DsNe)
  2609 | D:4      | Killed sankara's ghost
  2609 | D:4      | Reached skill level 7 in Unarmed Combat
  3009 | D:4      | Reached **** piety under Okawaru
  3009 | D:4      | Reached skill level 8 in Unarmed Combat
  3050 | D:4      | Reached XP level 8. HP: 64/75 MP: 7/7
  3063 | D:4      | Reached skill level 4 in Fighting
  3063 | D:4      | Reached skill level 4 in Dodging
  3636 | D:5      | Entered Level 5 of the Dungeon
  3637 | D:5      | Found a blossoming altar of Fedhas.
  3645 | D:5      | Reached skill level 5 in Fighting
  3645 | D:5      | Reached skill level 5 in Dodging
  3661 | D:5      | Reached skill level 1 in Throwing
  3787 | D:5      | Reached ***** piety under Okawaru
  3813 | D:5      | Reached skill level 2 in Throwing
  3813 | D:5      | Reached XP level 9. HP: 88/88 MP: 8/8
  4141 | D:5      | Found a white marble altar of Elyvilon.
  4163 | D:5      | Found a snail-covered altar of Cheibriados.
  4346 | D:6      | Found Neil's General Store.
  4349 | D:6      | Bought a scroll of identify for 20 gold pieces
  4366 | D:6      | Reached skill level 3 in Throwing
  4513 | D:6      | Found a staircase to the Ecumenical Temple.
  4653 | D:6      | Found Nedum's Armour Boutique.
  4683 | D:6      | Found Egid's Food Boutique.
  4704 | D:6      | Reached skill level 6 in Dodging
  4707 | D:6      | Reached skill level 6 in Fighting
  4870 | D:6      | Found Keol's Book Shoppe.
  5760 | D:7      | Reached skill level 4 in Throwing
  6092 | D:8      | Found Efil's General Store.
  6124 | D:8      | Received a gift from Okawaru
  6151 | D:8      | Reached XP level 10. HP: 59/100 MP: 6/9
  6525 | D:8      | Noticed a two-headed ogre
  6526 | D:8      | Reached skill level 5 in Throwing
  6530 | D:8      | Reached skill level 7 in Fighting
  6530 | D:8      | Reached skill level 7 in Dodging
  6532 | D:8      | Killed a two-headed ogre
  6547 | D:8      | Received a gift from Okawaru
  6550 | D:8      | Got an ichor-stained fustibalus {god gift}
  6570 | D:8      | Found Omack's Gadget Shop.
  6582 | D:8      | Identified the +6 fustibalus "Rozoit" {freeze, *Slow rElec Str+4 Dex+3} (Okawaru gifted it to you on level 8 of the Dungeon)
  6681 | D:8      | Found Funofrai's Jewellery Shoppe.
  6767 | D:8      | Found Pehat's Assorted Antiques.
  6850 | D:8      | Found Siesoukogo's Food Shop.
  6908 | D:8      | Got a glittering pewter amulet
  6927 | D:8      | Found a hazy altar of Hepliaklqana.
  6928 | D:8      | Identified the amulet of Trog's Indignation {Faith rElec rN+ Dex-2 Slay+6} (You found it on level 8 of the Dungeon)
  6967 | D:8      | Noticed Grum
  6987 | D:8      | Killed Grum
  6987 | D:8      | Reached skill level 6 in Throwing
  6997 | D:8      | Noticed a two-headed ogre
  6998 | D:8      | Found a staircase to the Lair.
  7027 | D:8      | Killed a two-headed ogre
  7167 | D:9      | Noticed a two-headed ogre
  7179 | D:9      | Killed a two-headed ogre
  7179 | D:9      | Reached skill level 8 in Fighting
  7179 | D:9      | Reached skill level 8 in Dodging
  7218 | D:9      | Reached XP level 11. HP: 84/111 MP: 10/10
  7295 | D:9      | Noticed Psyche
  7308 | D:10     | Entered Level 10 of the Dungeon
  7358 | D:10     | Reached skill level 7 in Throwing
  7367 | D:9      | Found a sacrificial altar of Ru.
  7403 | D:9      | Found Kucluama's Distillery.
  7455 | D:9      | Found a shattered altar of Ashenzari.
  7504 | D:9      | Killed Psyche
  7551 | D:9      | Found a basalt altar of Yredelemnul.
  7666 | D:9      | Found an ornate altar of the Wu Jian Council.
  7684 | D:9      | Found a staircase to the Orcish Mines.
  7796 | D:10     | Noticed a two-headed ogre
  7800 | D:10     | Killed a two-headed ogre
  7800 | D:10     | Reached ****** piety under Okawaru
  7800 | D:10     | Received a gift from Okawaru
  8094 | D:10     | Received a gift from Okawaru
  8295 | D:10     | Noticed a two-headed ogre
  8302 | D:10     | Killed a two-headed ogre
  8530 | D:11     | Noticed a two-headed ogre
  8538 | D:11     | Killed a two-headed ogre
  8538 | D:11     | Reached skill level 9 in Fighting
  8538 | D:11     | Reached skill level 8 in Throwing
  8538 | D:11     | Reached skill level 9 in Dodging
  8617 | D:11     | Noticed an unseen horror
  8622 | D:11     | Killed an unseen horror
  8622 | D:11     | Received a gift from Okawaru
  8627 | D:11     | Got a faintly humming cloak {god gift}
  8638 | D:11     | Identified the +3 cloak of Wekheipy {Regen+ Str+6 Slay-2} (Okawaru gifted it to you on level 11 of the Dungeon)
  8703 | D:11     | Noticed a two-headed ogre
  8714 | D:11     | Killed a two-headed ogre
  8715 | D:11     | Found Zestiequeh's Book Shop.
  8742 | D:11     | Found a frozen archway.
  8771 | IceCv    | Entered an ice cave
  8920 | IceCv    | Reached XP level 12. HP: 94/123 MP: 8/11
  9036 | IceCv    | Reached skill level 9 in Unarmed Combat
  9172 | IceCv    | Found an ancient bone altar of Kikubaaqudgha.
  9575 | IceCv    | Reached skill level 9 in Throwing
  9932 | D:11     | Received a gift from Okawaru
 10012 | D:11     | Noticed a two-headed ogre
 10025 | D:11     | Killed a two-headed ogre
 10029 | D:11     | Received a gift from Okawaru
 10033 | D:11     | Got an ancient robe {god gift}
 10057 | D:11     | Identified the +2 robe of the Stag {rF++ Str+2 Int+5} (Okawaru gifted it to you on level 11 of the Dungeon)
 10234 | D:6      | Bought a book of Transfigurations for 550 gold pieces
 10239 | D:6      | Learned a level 4 spell: Petrify
 10422 | Lair:1   | Entered Level 1 of the Lair of Beasts
 10527 | Lair:1   | Noticed a seven-headed hydra
 10678 | D:8      | Killed a seven-headed hydra
 10678 | D:8      | Reached skill level 1 in Transmutations
 10678 | D:8      | Reached skill level 1 in Earth Magic
 10729 | D:8      | HP: 12/126 [komodo dragon (7)]
 10730 | D:8      | Mangled by a komodo dragon

Vault maps used:
D:1:      dpeg_arrival_three_smaller_balls
D:2:      minmay_roachtagon, nicolae_overflow_hidden_temple,
          okawaru_metal_pillars_1_2, first_ration, uniq_sigmund
D:3:      nicolae_dithmenos_through_a_glass_darkly, kennysheep_big_empty_room
D:4:      minmay_goblin_kobold_castle, hex_intersection, minmay_lizard_king
D:5:      old_standard_altar, marbit_many_paths, basic_altar, st_stairs_12,
          sigmund_army
D:6:      minmay_temple_entry_grid, serial_shops, kennysheep_mini_moat, shop,
          shop, nicolae_shop_waterfront, nicolae_zen_rock_garden
D:7:      the_bakery
D:8:      overflow_temple_1_default, david_lair_shrubbed, serial_shops,
          shop_statue, shop, kennysheep_mini, shop_statue, shop, uniq_grum
D:9:      nicolae_overflow_crystal_walls, overflow_temple_1_default,
          lemuel_crystal_altar, nicolae_ru_awakened_eye, hiddenorc1_lemuel,
          serial_shops, shop, uniq_psyche
D:10:     grunt_ministairs_15
D:11:     portal_ice_cave_entry_ice_beasts, serial_shops, shop,
          minmay_misc_feat_square
Lair:1:   roderic_batcave, columned_hall_lemuel, grunt_megastairs_2
IceCv:    ice_cave_small_necro

Skill      XL: |  1  2  3  4  5  6  7  8  9 10 11 12 |
---------------+-------------------------------------+-----
Fighting       | 3 5 6 8 9 |  9.9
Dodging        | 3 5 6 8 9 |  9.9
Unarmed Combat | 4 6 8 9 |  9.6
Throwing       | 2 4 6 8 9 |  9.2
Transmutations | 1 |  1.0
Earth Magic    | 1 |  1.2
Stealth        | |  1.9
Spellcasting   | |  0.6

Action                   |  1- 3 |  4- 6 |  7- 9 | 10-12 || total
-------------------------+-------+-------+-------+-------++-------
Melee: Unarmed           |    82 |   171 |   381 |   464 ||  1098
       Punch             |     2 |     4 |    19 |    28 ||    53
 Fire: Fustibalus        |       |       |       |     2 ||     2
Throw: Javelin           |       |       |     3 |    21 ||    24
       Tomahawk          |       |       |     1 |    36 ||    37
       Large rock        |       |       |       |    10 ||    10
       Throwing net      |       |       |       |     2 ||     2
Invok: Heroism           |     1 |     4 |     8 |    13 ||    26
  Use: Scroll            |       |       |     6 |     7 ||    13
       Potion            |       |       |       |     1 ||     1
 Stab: Sleeping          |     4 |     1 |     2 |     1 ||     8
       Distracted        |       |       |     1 |       ||     1
  Eat: Chunk             |    15 |    13 |    36 |    49 ||   113
Armor: Robe              |    25 |    64 |    70 |   190 ||   349
Dodge: Dodged            |    40 |   133 |   260 |   472 ||   905

Table legend:
 A = Spawn XP
 B = Non-spawn XP
 C = Spawn XP percentage of total XP
 D = Spawn monster count
 E = Non-spawn monster count
 F = Spawn count percentage of total count
 G = Total turns spent on level
                    A         B        C        D         E        F      G
               +---------+---------+-------+---------+---------+-------+---------
         Total |       0 |   31176 |   0.0 |       0 |     433 |   0.0 | 10730
               +---------+---------+-------+---------+---------+-------+---------
           D:1 |       0 |      17 |   0.0 |       0 |      10 |   0.0 |   635
           D:2 |       0 |     398 |   0.0 |       0 |      38 |   0.0 |  1166
           D:3 |       0 |     215 |   0.0 |       0 |      35 |   0.0 |   522
           D:4 |       0 |    1634 |   0.0 |       0 |      80 |   0.0 |  1437
           D:5 |       0 |    1070 |   0.0 |       0 |      32 |   0.0 |   645
           D:6 |       0 |     922 |   0.0 |       0 |      23 |   0.0 |  1022
           D:7 |       0 |     738 |   0.0 |       0 |      14 |   0.0 |  1032
           D:8 |       0 |    6375 |   0.0 |       0 |      60 |   0.0 |  1123
           D:9 |       0 |    2440 |   0.0 |       0 |      27 |   0.0 |   577
          D:10 |       0 |    3689 |   0.0 |       0 |      27 |   0.0 |   777
          D:11 |       0 |    6476 |   0.0 |       0 |      27 |   0.0 |   574
        Lair:1 |       0 |    1370 |   0.0 |       0 |       7 |   0.0 |   129
         IceCv |       0 |    5832 |   0.0 |       0 |      53 |   0.0 |  1091
               +---------+---------+-------+---------+---------+-------+---------
